Coyotes vs Lightning

Created - Wednesday, February 24, 2016 at 01:14

Goals
1 2 3 T
Coyotes 0 1 3 4
Lightning 2 2 3 7
Shots
1 2 3 T
Coyotes 6 10 13 29
Lightning 10 12 20 42

1st period

1. Lightning , Marc Methot 3 (Ondrej Palat, Brandon Dubinsky) at 6:32 (PP)
2. Lightning , Matt Calvert 5 (Derek MacKenzie, Leo Komarov) at 6:44

Penalties :
Ryan Suter (TB ) for Cross-checking (Minor) at 1:46, Michael Stone (TB ) for Hooking (Minor) at 2:14, Nick Petrecki (Ari) for Holding Stick (Minor) at 6:25, Ryan Suter (TB ) for Hooking (Minor) at 19:49

2nd period

3. Coyotes , Michal Jordan 5 (Tobias Rieder, T.J. Brennan) at 1:29 (PP)
4. Lightning , Ryan Nugent-Hopkins 33 (Patric Hornqvist, Alexander Steen) at 7:08
5. Lightning , Roman Polak 4 (Mattias Ekholm, Brandon Dubinsky) at 11:40

Penalties :
Brandon Dubinsky (TB ) for Tripping (Minor) at 2:49, Roman Polak (TB ) for Hooking (Minor) at 15:34, Nick Petrecki (Ari) for Cross-checking (Minor) at 18:31

3rd period

6. Lightning , Roman Polak 5 (Alexander Steen, Ryan Suter) at 4:05
7. Coyotes , Stephen Weiss 14 (Yannick Weber, David Jones) at 5:44 (PP)
8. Coyotes , Ryan Spooner 13 (Stephen Weiss) at 6:02 (PP)
9. Lightning , Jiri Tlusty 8 (Alex Chiasson, Roman Polak) at 9:56
10. Lightning , Brandon Dubinsky 23 (Michael Stone) at 12:46
11. Coyotes , Stephen Weiss 15 (Rob Klinkhammer, Kyle Clifford) at 19:14

Penalties :
Ryan Strome (TB ) for Interference (Minor) at 1:39, Alexander Steen (TB ) for Holding Stick (Minor) at 4:45, Michael Stone (TB ) for Hooking (Minor) at 5:32, Brandon Dubinsky (TB ) for Fighting (Major) at 13:07, Nick Petrecki (Ari) for Fighting (Major) at 13:07, Nick Petrecki (Ari) for instigated a fight (Minor) at 13:07, Nick Petrecki (Ari) for instigated a fight (10 Minutes Misconduct) at 13:07, Alexander Steen (TB ) for Holding (Minor) at 16:20

Goalie Stats

Magnus Hellberg (Ari), 35 saves from 42 shots - (0.833), L, 4-31-2, 60:00 minutes
Carey Price (TB ), 25 saves from 29 shots - (0.862), W, 32-11-6, 60:00 minutes

Players Stats for Coyotes

Player Name              G  A  P  +/- PIM S  H  SB GA TA FO     MP     PP MP  PK MP  
------------------------------------------------------------------------------------
Andrej Sustr             0  0  0  -2  0   2  0  0  0  1  0/0    27:37   7:03   3:58 
Bobby Butler             0  0  0   0  0   2  0  0  0  0  0/0     6:42   0:00   0:00 
Carter Ashton            0  0  0   0  0   1  1  0  0  0  0/0     7:39   0:25   0:00 
David Jones              0  1  1  -2  0   1  2  1  1  0  0/1    15:49   5:40   0:00 
Elias Lindholm           0  0  0  -2  0   1  2  0  1  0  9/20   23:42   7:40   2:53 
Eric Nystrom             0  0  0  -2  0   1  3  1  0  1  0/2    23:20   7:40   2:53 
Greg Pateryn             0  0  0   0  0   0  1  0  0  0  0/0    11:37   0:00   0:07 
Kyle Clifford            0  1  1  -1  0   2  1  0  0  0  0/1    12:41   0:00   0:00 
Mark Barberio            0  0  0   0  0   1  0  0  0  0  0/0    16:50   0:00   4:05 
Michal Jordan            1  0  1  -3  0   3  1  0  2  3  0/0    20:46   6:17   0:00 
Nick Petrecki            0  0  0  -1  21  0  1  1  0  0  0/0    11:19   0:00   0:00 
R.J. Umberger            0  0  0  -2  0   4  0  1  1  0  0/1    11:06   0:00   0:57 
Rob Klinkhammer          0  1  1  -1  0   0  2  0  1  2  0/1    13:57   0:00   0:57 
Ryan Spooner             1  0  1  -2  0   3  1  0  3  0  10/22  21:08   5:15   0:15 
Stephen Weiss            2  1  3  -1  0   3  0  0  4  0  0/8    18:19   5:40   0:00 
T.J. Brennan             0  1  1  -2  0   0  1  0  0  1  0/0    10:29   6:17   0:00 
Tobias Rieder            0  1  1  -2  0   4  0  0  4  0  1/2    21:07   7:40   0:15 
Yannick Weber            0  1  1  -2  0   1  0  0  1  1  0/0    21:44   7:03   0:00 

Players Stats for Lightning

Player Name              G  A  P  +/- PIM S  H  SB GA TA FO     MP     PP MP  PK MP  
------------------------------------------------------------------------------------
Alex Chiasson            0  1  1   0  0   4  0  0  0  0  0/1     9:08   0:00   0:00 
Alexander Steen          0  2  2   2  4   5  2  1  0  2  1/1    15:02   2:06   0:27 
Brandon Dubinsky         1  2  3   2  7   4  3  1  4  0  8/10   17:54   0:50   4:25 
Derek MacKenzie          0  1  1   1  0   3  3  0  0  1  7/11   15:03   0:00   6:30 
Jiri Tlusty              1  0  1   0  0   2  0  0  3  0  0/0     9:08   0:00   0:00 
John Mitchell            0  0  0   0  0   0  1  1  0  0  5/5     9:08   0:00   0:00 
Leo Komarov              0  1  1   1  0   4  2  1  1  1  2/4    14:56   0:00   6:23 
Marc Methot              1  0  1   2  0   1  0  2  0  3  0/0    23:00   1:03   8:22 
Matt Calvert             1  0  1   1  0   1  0  1  2  1  1/3    14:21   0:00   6:08 
Mattias Ekholm           0  1  1   3  0   1  0  1  0  0  0/0    13:59   0:00   0:00 
Michael Stone            0  1  1   2  4   1  1  0  0  1  0/0    20:56   1:03   5:07 
Ondrej Palat             0  1  1   2  0   3  0  0  3  0  1/1    14:40   2:18   0:00 
Patric Hornqvist         0  1  1   2  0   2  1  0  1  0  0/1    14:36   2:09   0:00 
Roman Polak              2  1  3   3  2   3  2  0  0  0  0/0    22:41   0:00   7:27 
Ryan Nugent-Hopkins      1  0  1   2  0   2  4  1  2  0  13/20  15:55   2:34   0:54 
Ryan Strome              0  0  0   2  2   1  0  0  0  0  0/1    14:46   2:18   0:00 
Ryan Suter               0  1  1   0  4   5  1  3  0  1  0/0    22:49   3:02   5:44 
Tyson Barrie             0  0  0   0  0   0  0  1  0  0  0/0    16:50   3:02   0:13 

3 Stars

1 - Roman Polak (TB )
2 - Stephen Weiss (Ari)
3 - Ryan Nugent-Hopkins (TB )

Power Play

Coyotes - 3 on 9 Attempt(s) - 33.33%
Lightning - 1 on 3 Attempt(s) - 33.33%

Penalty Kill

Coyotes - 2 on 3 Attempt(s) - 66.67% - Score 0 goal in Penalty Kill
Lightning - 6 on 9 Attempt(s) - 66.67% - Score 0 goal in Penalty Kill

Team Stat

Coyotes - Hits : 16 - Faceoff Wins : 20 - Blocked Shots : 4 - Penalty Minutes : 21
Lightning - Hits : 20 - Faceoff Wins : 38 - Blocked Shots : 13 - Penalty Minutes : 23

Official

Referees : Unknown
Linesman : Unknown

Game Notes

Brandon Dubinsky and Nick Petrecki fight to a draw at 13:07 of 3rd period

Finance

Level 1 -- Attendance: 5250 (87.50%) -- Ticket Income $393,750
Level 2 -- Attendance: 5000 (100.00%) -- Ticket Income $250,000
Level 3 -- Attendance: 2000 (100.00%) -- Ticket Income $50,000
Level 4 -- Attendance: 3903 (97.58%) -- Ticket Income $58,545
Luxury Box -- Attendance: 1000 (100.00%) -- Ticket Income $175,000
Game was played at the St. Pete Times Forum.
Total Attendance: 17153 (95.29%)
Total Ticket Income: $927,295
Other Income: $454,375
Total Income: $1,381,670

Coyotes

5 vs 5 Forward 
   Center                   Left Wing                Right Wing               Time % Phy DF OF 
 1 Elias Lindholm           Tobias Rieder            Eric Nystrom             35     1   2  2  
 2 Ryan Spooner             R.J. Umberger            David Jones              30     1   2  2  
 3 Stephen Weiss            Kyle Clifford            Rob Klinkhammer          22     1   2  2  
 4 Ryan Spooner             Carter Ashton            Bobby Butler             13     1   2  2  

5 vs 5 Defense 
   Defense                  Defense                                           Time % Phy DF OF 
 1 Nick Petrecki            Andrej Sustr                                      35     1   2  2  
 2 Yannick Weber            Michal Jordan                                     30     1   2  2  
 3 Greg Pateryn             Mark Barberio                                     22     1   2  2  
 4 T.J. Brennan             Andrej Sustr                                      13     1   2  2  

PowerPlay Forward 
   Center                   Left Wing                Right Wing               Time % Phy DF OF 
 1 Elias Lindholm           Tobias Rieder            Eric Nystrom             60     1   2  2  
 2 Ryan Spooner             Stephen Weiss            David Jones              40     1   2  2  

PowerPlay Defense
   Defense                  Defense                                           Time % Phy DF OF 
 1 Yannick Weber            Andrej Sustr                                      60     1   2  2  
 2 T.J. Brennan             Michal Jordan                                     40     1   2  2  

Penalty Kill 4 Players Forward 
   Center                   Wing                     Time % Phy DF OF 
 1 Elias Lindholm           Eric Nystrom             60     1   2  2  
 2 Ryan Spooner             Tobias Rieder            40     1   2  2  

Penalty Kill 4 Players Defense
   Defense                  Defense                  Time % Phy DF OF 
 1 Nick Petrecki            Andrej Sustr             60     1   2  2  
 2 Greg Pateryn             Mark Barberio            40     1   2  2  

Penalty Kill - 3 Players Forward 
   Forward                                           Time % Phy DF OF 
 1 Elias Lindholm                                    60     1   2  2  
 2 Tobias Rieder                                     40     1   2  2  

Penalty Kill - 3 Players Defense
   Defense                  Defense                  Time % Phy DF OF 
 1 Nick Petrecki            Andrej Sustr             60     1   2  2  
 2 Greg Pateryn             Mark Barberio            40     1   2  2  

4 vs 4 Forward 
   Center                   Wing                     Time % Phy DF OF 
 1 Elias Lindholm           Tobias Rieder            60     1   2  2  
 2 Ryan Spooner             Eric Nystrom             40     1   2  2  

4 vs 4 Defense
   Defense                  Defense                  Time % Phy DF OF 
 1 Nick Petrecki            Andrej Sustr             60     1   2  2  
 2 Yannick Weber            T.J. Brennan             40     1   2  2  

Last Minutes Offensive
   Center                   Left Wing                Right Wing               Defense                  Defense                  
   Elias Lindholm           Tobias Rieder            Eric Nystrom             Nick Petrecki            Andrej Sustr             

Last Minutes Defensive
   Center                   Left Wing                Right Wing               Defense                  Defense                  
   Elias Lindholm           Tobias Rieder            Eric Nystrom             Nick Petrecki            Andrej Sustr             

Goaltenders
Starting : Magnus Hellberg          
Backup : Carter Hutton            

Extra Forwards
Normal : Carter Ashton, Kyle Clifford, Rob Klinkhammer - PP : Carter Ashton, Kyle Clifford - PK : Rob Klinkhammer
Extra Defensemen
Normal : Greg Pateryn, Mark Barberio, T.J. Brennan - PP : Greg Pateryn - PK : Mark Barberio, T.J. Brennan
Penalty Shots
Elias Lindholm, Tobias Rieder, Eric Nystrom, Ryan Spooner, David Jones

Lightning

5 vs 5 Forward 
   Center                   Left Wing                Right Wing               Time % Phy DF OF 
 1 Ryan Nugent-Hopkins      Alexander Steen          Patric Hornqvist         30     0   2  3  
 2 Brandon Dubinsky         Ondrej Palat             Ryan Strome              30     1   2  2  
 3 John Mitchell            Jiri Tlusty              Alex Chiasson            20     1   2  2  
 4 Derek MacKenzie          Matt Calvert             Leo Komarov              20     1   2  2  

5 vs 5 Defense 
   Defense                  Defense                                           Time % Phy DF OF 
 1 Ryan Suter               Tyson Barrie                                      34     1   2  2  
 2 Michael Stone            Marc Methot                                       33     1   2  2  
 3 Roman Polak              Mattias Ekholm                                    33     1   2  2  
 4 Ryan Suter               Tyson Barrie                                      0      1   2  2  

PowerPlay Forward 
   Center                   Left Wing                Right Wing               Time % Phy DF OF 
 1 Ryan Nugent-Hopkins      Alexander Steen          Patric Hornqvist         50     0   1  4  
 2 Brandon Dubinsky         Ondrej Palat             Ryan Strome              50     0   1  4  

PowerPlay Defense
   Defense                  Defense                                           Time % Phy DF OF 
 1 Ryan Suter               Tyson Barrie                                      60     1   2  2  
 2 Michael Stone            Marc Methot                                       40     1   2  2  

Penalty Kill 4 Players Forward 
   Center                   Wing                     Time % Phy DF OF 
 1 Derek MacKenzie          Leo Komarov              50     1   4  0  
 2 Brandon Dubinsky         Matt Calvert             50     1   4  0  

Penalty Kill 4 Players Defense
   Defense                  Defense                  Time % Phy DF OF 
 1 Michael Stone            Roman Polak              50     1   4  0  
 2 Ryan Suter               Marc Methot              50     1   4  0  

Penalty Kill - 3 Players Forward 
   Forward                                           Time % Phy DF OF 
 1 Derek MacKenzie                                   50     1   4  0  
 2 Brandon Dubinsky                                  50     1   4  0  

Penalty Kill - 3 Players Defense
   Defense                  Defense                  Time % Phy DF OF 
 1 Michael Stone            Roman Polak              50     1   4  0  
 2 Ryan Suter               Marc Methot              50     1   4  0  

4 vs 4 Forward 
   Center                   Wing                     Time % Phy DF OF 
 1 Ryan Nugent-Hopkins      Patric Hornqvist         50     1   2  2  
 2 Brandon Dubinsky         Ondrej Palat             50     1   2  2  

4 vs 4 Defense
   Defense                  Defense                  Time % Phy DF OF 
 1 Ryan Suter               Tyson Barrie             50     1   2  2  
 2 Michael Stone            Marc Methot              50     1   2  2  

Last Minutes Offensive
   Center                   Left Wing                Right Wing               Defense                  Defense                  
   Ryan Nugent-Hopkins      Alexander Steen          Patric Hornqvist         Ryan Suter               Tyson Barrie             

Last Minutes Defensive
   Center                   Left Wing                Right Wing               Defense                  Defense                  
   Brandon Dubinsky         Alexander Steen          Leo Komarov              Ryan Suter               Roman Polak              

Goaltenders
Starting : Carey Price              
Backup : Mike Smith               

Extra Forwards
Normal : Ryan Nugent-Hopkins, Patric Hornqvist, Brandon Dubinsky - PP : Ryan Nugent-Hopkins, Patric Hornqvist - PK : Leo Komarov
Extra Defensemen
Normal : Ryan Suter, Tyson Barrie, Marc Methot - PP : Ryan Suter - PK : Roman Polak, Ryan Suter
Penalty Shots
Alexander Steen, Derek MacKenzie, Ryan Strome, Ryan Nugent-Hopkins, Patric Hornqvist

% Time on Ice - Coyotes

Lines # - Real PCT - Wanted PCT - Time Play
Normal Forward
1 - 30% - 35% - 12:47
2 - 26% - 30% - 10:59
3 - 28% - 22% - 12:07
4 - 16% - 13% - 6:42
Normal Defense
1 - 31% - 35% - 13:23
2 - 34% - 30% - 14:29
3 - 27% - 22% - 11:30
4 - 8% - 13% - 3:13
PP Forward
1 - 58% - 60% - 7:40
2 - 43% - 40% - 5:40
PP Defense
1 - 53% - 60% - 7:03
2 - 47% - 40% - 6:17
PK Forward
1 - 94% - 60% - 3:50
2 - 6% - 40% - 0:15
PK Defense
1 - 97% - 60% - 3:58
2 - 3% - 40% - 0:07
PK3 Forward
1 - 0% - 60%
2 - 0% - 40%
PK3 Defense
1 - 0% - 60%
2 - 0% - 40%
44 Forward
1 - 0% - 60%
2 - 0% - 40%
44 Defense
1 - 0% - 60%
2 - 0% - 40%
Last Minute Offensive  - 0:00
Last Minute Defensive  - 0:00
Total
Forward - 60:00
Defense - 60:00

% Time on Ice - Lightning

Lines # - Real PCT - Wanted PCT - Time Play
Normal Forward
1 - 30% - 30% - 12:52
2 - 29% - 30% - 12:27
3 - 21% - 20% - 9:08
4 - 19% - 20% - 8:08
Normal Defense
1 - 35% - 34% - 14:57
2 - 32% - 33% - 13:39
3 - 33% - 33% - 13:59
4 - 0% - 0% - 0:00
PP Forward
1 - 44% - 50% - 1:47
2 - 56% - 50% - 2:18
PP Defense
1 - 74% - 60% - 3:02
2 - 26% - 40% - 1:03
PK Forward
1 - 47% - 50% - 5:29
2 - 53% - 50% - 6:08
PK Defense
1 - 49% - 50% - 5:42
2 - 51% - 50% - 5:55
PK3 Forward
1 - 59% - 50% - 1:01
2 - 41% - 50% - 0:42
PK3 Defense
1 - 42% - 50% - 0:43
2 - 58% - 50% - 1:00
44 Forward
1 - 0% - 50%
2 - 0% - 50%
44 Defense
1 - 0% - 50%
2 - 0% - 50%
Last Minute Offensive  - 0:00
Last Minute Defensive  - 0:00
Total
Forward - 60:00
Defense - 60:00

Play by Play

1st period


0:01 of 1st period - Elias Lindholm wins face-off versus Ryan Nugent-Hopkins in neutral zone.
0:20 of 1st period - Snap shot by Alexander Steen.
0:20 of 1st period - Stopped by Magnus Hellberg without a rebound.
0:21 of 1st period - Brandon Dubinsky wins face-off versus Ryan Spooner in Coyotes zone.
1:18 of 1st period - Mattias Ekholm is hit by Kyle Clifford and loses puck.
1:31 of 1st period - Snap shot by Alex Chiasson.
1:31 of 1st period - Stopped by Magnus Hellberg without a rebound.
1:32 of 1st period - Elias Lindholm wins face-off versus Alex Chiasson in Coyotes zone.
1:43 of 1st period - Backhand shot by Tobias Rieder.
1:43 of 1st period - Stopped by Carey Price without a rebound.
1:44 of 1st period - Derek MacKenzie wins face-off versus Ryan Spooner in Lightning zone.
1:46 of 1st period - Minor Penalty to Ryan Suter for Cross-checking.
1:47 of 1st period - Derek MacKenzie wins face-off versus Elias Lindholm in Lightning zone.
1:59 of 1st period - Snap shot by Yannick Weber.
1:59 of 1st period - Shot Blocked by Matt Calvert.
2:14 of 1st period - Minor Penalty to Michael Stone for Hooking.
2:15 of 1st period - Ryan Spooner wins face-off versus Derek MacKenzie in Lightning zone.
3:05 of 1st period - Snap shot by Marc Methot.
3:05 of 1st period - Shot Misses the Net.
3:20 of 1st period - Roman Polak is hit by Elias Lindholm and loses puck.
3:46 of 1st period - Penalty to Ryan Suter is over, Ryan Suter is back on ice.
3:51 of 1st period - Snap shot by Stephen Weiss.
3:51 of 1st period - Stopped by Carey Price with a rebound.
4:14 of 1st period - Penalty to Michael Stone is over, Michael Stone is back on ice.
4:17 of 1st period - Snap shot by Brandon Dubinsky.
4:17 of 1st period - Stopped by Magnus Hellberg without a rebound.
4:18 of 1st period - Ryan Spooner wins face-off versus Ryan Nugent-Hopkins in Coyotes zone.
4:22 of 1st period - Off-side.
4:23 of 1st period - Ryan Nugent-Hopkins wins face-off versus Ryan Spooner in neutral zone.
4:33 of 1st period - Wrist shot by Bobby Butler.
4:33 of 1st period - Stopped by Carey Price with a rebound.
4:35 of 1st period - Snap shot by Carter Ashton.
4:35 of 1st period - Stopped by Carey Price without a rebound.
4:36 of 1st period - Ryan Nugent-Hopkins wins face-off versus Ryan Spooner in Lightning zone.
5:09 of 1st period - Wrist shot by Stephen Weiss.
5:09 of 1st period - Shot Blocked by Ryan Suter.
5:21 of 1st period - Snap shot by Stephen Weiss.
5:21 of 1st period - Shot Blocked by Ryan Nugent-Hopkins.
6:25 of 1st period - Minor Penalty to Nick Petrecki for Holding Stick.
6:26 of 1st period - Brandon Dubinsky wins face-off versus Elias Lindholm in Coyotes zone.
6:30 of 1st period - Slapshot by Ondrej Palat.
6:30 of 1st period - Stopped by Magnus Hellberg with a rebound.
6:32 of 1st period - Slapshot by Marc Methot.
6:32 of 1st period - Goal by Marc Methot - Coyotes : 0 - Lightning : 1.
6:33 of 1st period - Derek MacKenzie wins face-off versus Ryan Spooner in neutral zone.
6:38 of 1st period - Wrist shot by Leo Komarov.
6:38 of 1st period - Stopped by Magnus Hellberg with a rebound.
6:42 of 1st period - Snap shot by Derek MacKenzie.
6:42 of 1st period - Stopped by Magnus Hellberg with a rebound.
6:44 of 1st period - Snap shot by Matt Calvert.
6:44 of 1st period - Goal by Matt Calvert - Coyotes : 0 - Lightning : 2.
6:45 of 1st period - Ryan Spooner wins face-off versus Matt Calvert in neutral zone.
6:56 of 1st period - Snap shot by Matt Calvert.
6:56 of 1st period - Shot Blocked by R.J. Umberger.
7:12 of 1st period - Slapshot by Mattias Ekholm.
7:12 of 1st period - Shot Misses the Net.
7:14 of 1st period - Slapshot by Mattias Ekholm.
7:14 of 1st period - Shot Misses the Net.
7:16 of 1st period - Snap shot by Matt Calvert.
7:16 of 1st period - Shot Misses the Net.
7:18 of 1st period - Slapshot by Derek MacKenzie.
7:18 of 1st period - Stopped by Magnus Hellberg without a rebound.
7:19 of 1st period - John Mitchell wins face-off versus Elias Lindholm in Coyotes zone.
8:02 of 1st period - Marc Methot is hit by Elias Lindholm.
9:06 of 1st period - Andrej Sustr is hit by Leo Komarov and loses puck.
9:11 of 1st period - Slapshot by Ryan Suter.
9:11 of 1st period - Stopped by Magnus Hellberg with a rebound.
9:16 of 1st period - Off-side.
9:17 of 1st period - Ryan Nugent-Hopkins wins face-off versus Ryan Spooner in neutral zone.
11:04 of 1st period - Wrist shot by Ryan Spooner.
11:04 of 1st period - Shot Blocked by Marc Methot.
11:14 of 1st period - Rob Klinkhammer is hit by John Mitchell and loses puck.
12:08 of 1st period - Mark Barberio is hit by Alexander Steen and loses puck.
13:16 of 1st period - T.J. Brennan is hit by Michael Stone and loses puck.
13:31 of 1st period - Tobias Rieder is hit by Leo Komarov and loses puck.
13:50 of 1st period - Snap shot by Ryan Spooner.
13:50 of 1st period - Shot Blocked by Marc Methot.
13:54 of 1st period - Slapshot by Bobby Butler.
13:54 of 1st period - Shot Misses the Net.
13:56 of 1st period - Wrist shot by Bobby Butler.
13:56 of 1st period - Stopped by Carey Price with a rebound.
13:58 of 1st period - Snap shot by Bobby Butler.
13:58 of 1st period - Shot Misses the Net.
15:21 of 1st period - Icing by Matt Calvert.
15:22 of 1st period - Derek MacKenzie wins face-off versus Kyle Clifford in Lightning zone.
15:22 of 1st period - Derek MacKenzie is hit by David Jones.
17:17 of 1st period - Snap shot by David Jones.
17:17 of 1st period - Shot Blocked by John Mitchell.
18:36 of 1st period - Mark Barberio is hit by Roman Polak and loses puck.
19:49 of 1st period - Minor Penalty to Ryan Suter for Hooking.
19:50 of 1st period - Derek MacKenzie wins face-off versus Elias Lindholm in Lightning zone.
19:59 of 1st period - Snap shot by Tobias Rieder.
19:59 of 1st period - Stopped by Carey Price without a rebound.
Goals for this period are 0 for Coyotes vs 2 for Lightning.
Shots for this period are 6 for Coyotes vs 10 for Lightning.

2nd period


0:01 of 2nd period - Derek MacKenzie wins face-off versus Eric Nystrom in neutral zone.
0:04 of 2nd period - Eric Nystrom is hit by Derek MacKenzie and loses puck.
1:02 of 2nd period - Roman Polak is hit by Ryan Spooner and loses puck.
1:27 of 2nd period - Slapshot by Michal Jordan.
1:27 of 2nd period - Shot Misses the Net.
1:29 of 2nd period - Slapshot by Michal Jordan.
1:29 of 2nd period - Goal by Michal Jordan - Coyotes : 1 - Lightning : 2.
1:30 of 2nd period - Ryan Nugent-Hopkins wins face-off versus Stephen Weiss in neutral zone.
2:02 of 2nd period - Wrist shot by Stephen Weiss.
2:02 of 2nd period - Shot Misses the Net.
2:18 of 2nd period - Snap shot by R.J. Umberger.
2:18 of 2nd period - Stopped by Carey Price with a rebound.
2:26 of 2nd period - Snap shot by Ryan Spooner.
2:26 of 2nd period - Deflect By David Jones.
2:26 of 2nd period - Stopped by Carey Price with a rebound.
2:28 of 2nd period - Snap shot by R.J. Umberger.
2:28 of 2nd period - Stopped by Carey Price without a rebound.
2:29 of 2nd period - Elias Lindholm wins face-off versus Brandon Dubinsky in Lightning zone.
2:36 of 2nd period - Wrist shot by Tobias Rieder.
2:36 of 2nd period - Stopped by Carey Price with a rebound.
2:49 of 2nd period - Minor Penalty to Brandon Dubinsky for Tripping.
2:50 of 2nd period - Derek MacKenzie wins face-off versus Elias Lindholm in Lightning zone.
2:50 of 2nd period - Derek MacKenzie is hit by Eric Nystrom.
2:55 of 2nd period - Slapshot by Michael Stone.
2:55 of 2nd period - Stopped by Magnus Hellberg with a rebound.
3:14 of 2nd period - Snap shot by Tobias Rieder.
3:14 of 2nd period - Deflect By Eric Nystrom.
3:14 of 2nd period - Shot Misses the Net.
3:14 of 2nd period - Puck is out of play.
3:15 of 2nd period - Leo Komarov wins face-off versus Ryan Spooner in Lightning zone.
3:23 of 2nd period - Off-side.
3:24 of 2nd period - Leo Komarov wins face-off versus Stephen Weiss in neutral zone.
3:47 of 2nd period - Ryan Suter is hit by David Jones and loses puck.
4:02 of 2nd period - Wrist shot by Leo Komarov.
4:02 of 2nd period - Shot Blocked by David Jones.
4:10 of 2nd period - Leo Komarov is hit by T.J. Brennan and loses puck.
4:30 of 2nd period - Off-side.
4:31 of 2nd period - Alexander Steen wins face-off versus Elias Lindholm in neutral zone.
4:49 of 2nd period - Penalty to Brandon Dubinsky is over, Brandon Dubinsky is back on ice.
5:58 of 2nd period - Snap shot by Ryan Spooner.
5:58 of 2nd period - Stopped by Carey Price without a rebound.
5:59 of 2nd period - Brandon Dubinsky wins face-off versus Ryan Spooner in Lightning zone.
6:22 of 2nd period - Snap shot by Ondrej Palat.
6:22 of 2nd period - Shot Misses the Net.
6:24 of 2nd period - Slapshot by Ryan Suter.
6:24 of 2nd period - Deflect By Greg Pateryn.
6:24 of 2nd period - Stopped by Magnus Hellberg with a rebound.
6:38 of 2nd period - Tyson Barrie is hit by Greg Pateryn and loses puck.
7:06 of 2nd period - Snap shot by Patric Hornqvist.
7:06 of 2nd period - Stopped by Magnus Hellberg with a rebound.
7:08 of 2nd period - Wrist shot by Ryan Nugent-Hopkins.
7:08 of 2nd period - Goal by Ryan Nugent-Hopkins - Coyotes : 1 - Lightning : 3.
7:09 of 2nd period - Ryan Nugent-Hopkins wins face-off versus Stephen Weiss in neutral zone.
7:24 of 2nd period - Snap shot by Alexander Steen.
7:24 of 2nd period - Stopped by Magnus Hellberg with a rebound.
8:00 of 2nd period - Derek MacKenzie is hit by Eric Nystrom and loses puck.
8:14 of 2nd period - Wrist shot by Matt Calvert.
8:14 of 2nd period - Shot Blocked by Nick Petrecki.
8:16 of 2nd period - Backhand shot by Leo Komarov.
8:16 of 2nd period - Deflect By Derek MacKenzie.
8:16 of 2nd period - Shot Misses the Net.
8:16 of 2nd period - Puck is out of play.
8:17 of 2nd period - Brandon Dubinsky wins face-off versus Ryan Spooner in Coyotes zone.
8:48 of 2nd period - Backhand shot by R.J. Umberger.
8:48 of 2nd period - Stopped by Carey Price with a rebound.
9:51 of 2nd period - Rob Klinkhammer is hit by Derek MacKenzie and loses puck.
10:04 of 2nd period - Michael Stone is hit by Rob Klinkhammer and loses puck.
10:59 of 2nd period - David Jones is hit by Ryan Nugent-Hopkins and loses puck.
11:12 of 2nd period - Slapshot by Yannick Weber.
11:12 of 2nd period - Stopped by Carey Price with a rebound.
11:36 of 2nd period - Snap shot by Brandon Dubinsky.
11:36 of 2nd period - Stopped by Magnus Hellberg with a rebound.
11:38 of 2nd period - Snap shot by Mattias Ekholm.
11:38 of 2nd period - Deflect By R.J. Umberger.
11:38 of 2nd period - Stopped by Magnus Hellberg with a rebound.
11:40 of 2nd period - Slapshot by Roman Polak.
11:40 of 2nd period - Goal by Roman Polak - Coyotes : 1 - Lightning : 4.
11:41 of 2nd period - Elias Lindholm wins face-off versus Leo Komarov in neutral zone.
11:58 of 2nd period - Snap shot by Matt Calvert.
11:58 of 2nd period - Shot Misses the Net.
12:02 of 2nd period - Slapshot by Ryan Suter.
12:02 of 2nd period - Stopped by Magnus Hellberg with a rebound.
12:10 of 2nd period - Tobias Rieder is hit by Ryan Suter and loses puck.
12:15 of 2nd period - Slapshot by Ryan Suter.
12:15 of 2nd period - Shot Misses the Net.
12:17 of 2nd period - Snap shot by Tyson Barrie.
12:17 of 2nd period - Shot Misses the Net.
13:20 of 2nd period - Michal Jordan is hit by Brandon Dubinsky and loses puck.
13:31 of 2nd period - Wrist shot by Ondrej Palat.
13:31 of 2nd period - Shot Misses the Net.
14:07 of 2nd period - Snap shot by Jiri Tlusty.
14:07 of 2nd period - Shot Misses the Net.
14:13 of 2nd period - Snap shot by Alex Chiasson.
14:13 of 2nd period - Stopped by Magnus Hellberg with a rebound.
14:45 of 2nd period - Wrist shot by Leo Komarov.
14:45 of 2nd period - Shot Misses the Net.
14:47 of 2nd period - Wrist shot by Derek MacKenzie.
14:47 of 2nd period - Stopped by Magnus Hellberg with a rebound.
14:55 of 2nd period - Wrist shot by Derek MacKenzie.
14:55 of 2nd period - Deflect By Tobias Rieder.
14:55 of 2nd period - Shot Misses the Net.
14:55 of 2nd period - Puck is out of play.
14:56 of 2nd period - Ryan Nugent-Hopkins wins face-off versus Stephen Weiss in Coyotes zone.
15:15 of 2nd period - Greg Pateryn is hit by Alexander Steen and loses puck.
15:34 of 2nd period - Minor Penalty to Roman Polak for Hooking.
15:35 of 2nd period - Elias Lindholm wins face-off versus Derek MacKenzie in Lightning zone.
15:48 of 2nd period - Snap shot by Yannick Weber.
15:48 of 2nd period - Deflect By Tobias Rieder.
15:48 of 2nd period - Stopped by Carey Price with a rebound.
15:50 of 2nd period - Snap shot by Eric Nystrom.
15:50 of 2nd period - Stopped by Carey Price with a rebound.
16:18 of 2nd period - Marc Methot is hit by Carter Ashton and loses puck.
17:23 of 2nd period - Icing by Michal Jordan.
17:24 of 2nd period - Brandon Dubinsky wins face-off versus Eric Nystrom in Coyotes zone.
17:34 of 2nd period - Penalty to Roman Polak is over, Roman Polak is back on ice.
17:41 of 2nd period - T.J. Brennan is hit by Patric Hornqvist.
18:05 of 2nd period - Wrist shot by Alexander Steen.
18:05 of 2nd period - Stopped by Magnus Hellberg without a rebound.
18:06 of 2nd period - John Mitchell wins face-off versus Stephen Weiss in Coyotes zone.
18:16 of 2nd period - Icing by Nick Petrecki.
18:17 of 2nd period - John Mitchell wins face-off versus Stephen Weiss in Coyotes zone.
18:31 of 2nd period - Minor Penalty to Nick Petrecki for Cross-checking.
18:32 of 2nd period - Ryan Nugent-Hopkins wins face-off versus Rob Klinkhammer in Coyotes zone.
18:45 of 2nd period - Off-side.
18:46 of 2nd period - Elias Lindholm wins face-off versus Ryan Nugent-Hopkins in neutral zone.
18:49 of 2nd period - Slapshot by Andrej Sustr.
18:49 of 2nd period - Shot Blocked by Alexander Steen.
18:59 of 2nd period - Slapshot by Alexander Steen.
18:59 of 2nd period - Shot Misses the Net.
19:01 of 2nd period - Slapshot by Tyson Barrie.
19:01 of 2nd period - Deflect By Alexander Steen.
19:01 of 2nd period - Shot Misses the Net.
19:01 of 2nd period - Puck is out of play.
19:02 of 2nd period - Brandon Dubinsky wins face-off versus R.J. Umberger in Coyotes zone.
19:40 of 2nd period - Andrej Sustr is hit by Brandon Dubinsky and loses puck.
19:51 of 2nd period - Andrej Sustr is hit by Ryan Nugent-Hopkins and loses puck.
Goals for this period are 1 for Coyotes vs 2 for Lightning.
Shots for this period are 10 for Coyotes vs 12 for Lightning.

3rd period


0:01 of 3rd period - Elias Lindholm wins face-off versus Ryan Nugent-Hopkins in neutral zone.
0:04 of 3rd period - Slapshot by Mark Barberio.
0:04 of 3rd period - Deflect By Alexander Steen.
0:04 of 3rd period - Stopped by Carey Price without a rebound.
0:05 of 3rd period - Ryan Nugent-Hopkins wins face-off versus Elias Lindholm in Lightning zone.
0:31 of 3rd period - Penalty to Nick Petrecki is over, Nick Petrecki is back on ice.
1:02 of 3rd period - David Jones is hit by Brandon Dubinsky and loses puck.
1:09 of 3rd period - Snap shot by Brandon Dubinsky.
1:09 of 3rd period - Stopped by Magnus Hellberg with a rebound.
1:39 of 3rd period - Minor Penalty to Ryan Strome for Interference.
1:40 of 3rd period - Elias Lindholm wins face-off versus Derek MacKenzie in Lightning zone.
1:55 of 3rd period - Slapshot by Yannick Weber.
1:55 of 3rd period - Shot Blocked by Leo Komarov.
1:57 of 3rd period - Slapshot by Andrej Sustr.
1:57 of 3rd period - Stopped by Carey Price with a rebound.
1:59 of 3rd period - Snap shot by Tobias Rieder.
1:59 of 3rd period - Deflect By Elias Lindholm.
1:59 of 3rd period - Deflect By Michael Stone.
1:59 of 3rd period - Stopped by Carey Price with a rebound.
2:01 of 3rd period - Wrist shot by Tobias Rieder.
2:01 of 3rd period - Shot Misses the Net.
2:53 of 3rd period - Slapshot by Michal Jordan.
2:53 of 3rd period - Stopped by Carey Price with a rebound.
2:55 of 3rd period - Slapshot by Michal Jordan.
2:55 of 3rd period - Stopped by Carey Price with a rebound.
3:16 of 3rd period - Ryan Spooner is hit by Derek MacKenzie and loses puck.
3:39 of 3rd period - Penalty to Ryan Strome is over, Ryan Strome is back on ice.
3:56 of 3rd period - Kyle Clifford is hit by Ryan Nugent-Hopkins and loses puck.
4:03 of 3rd period - Snap shot by Alexander Steen.
4:03 of 3rd period - Shot Misses the Net.
4:05 of 3rd period - Slapshot by Roman Polak.
4:05 of 3rd period - Deflect By Stephen Weiss.
4:05 of 3rd period - Goal by Roman Polak - Coyotes : 1 - Lightning : 5.
4:06 of 3rd period - Ryan Spooner wins face-off versus Ryan Nugent-Hopkins in neutral zone.
4:11 of 3rd period - Slapshot by Ryan Spooner.
4:11 of 3rd period - Stopped by Carey Price without a rebound.
4:12 of 3rd period - Ryan Spooner wins face-off versus Ryan Nugent-Hopkins in Lightning zone.
4:39 of 3rd period - Slapshot by Bobby Butler.
4:39 of 3rd period - Shot Blocked by Mattias Ekholm.
4:45 of 3rd period - Minor Penalty to Alexander Steen for Holding Stick.
4:46 of 3rd period - Tobias Rieder wins face-off versus Matt Calvert in Lightning zone.
4:59 of 3rd period - Slapshot by Yannick Weber.
4:59 of 3rd period - Deflect By Tobias Rieder.
4:59 of 3rd period - Shot Misses the Net.
4:59 of 3rd period - Puck is out of play.
5:00 of 3rd period - Matt Calvert wins face-off versus Elias Lindholm in Lightning zone.
5:23 of 3rd period - Tobias Rieder is hit by Roman Polak and loses puck.
5:32 of 3rd period - Minor Penalty to Michael Stone for Hooking.
5:33 of 3rd period - Ryan Spooner wins face-off versus Brandon Dubinsky in Lightning zone.
5:34 of 3rd period - Slapshot by Stephen Weiss.
5:34 of 3rd period - Shot Hit the Post.
5:36 of 3rd period - Slapshot by Andrej Sustr.
5:36 of 3rd period - Shot Blocked by Brandon Dubinsky.
5:38 of 3rd period - Snap shot by David Jones.
5:38 of 3rd period - Shot Blocked by Ryan Suter.
5:40 of 3rd period - Snap shot by Stephen Weiss.
5:40 of 3rd period - Shot Blocked by Ryan Suter.
5:42 of 3rd period - Snap shot by Yannick Weber.
5:42 of 3rd period - Shot Misses the Net.
5:44 of 3rd period - Snap shot by Stephen Weiss.
5:44 of 3rd period - Goal by Stephen Weiss - Coyotes : 2 - Lightning : 5.
5:45 of 3rd period - Ryan Spooner wins face-off versus Derek MacKenzie in neutral zone.
6:02 of 3rd period - Snap shot by Stephen Weiss.
6:02 of 3rd period - Deflect By Ryan Spooner.
6:02 of 3rd period - Goal by Ryan Spooner - Coyotes : 3 - Lightning : 5.
6:03 of 3rd period - Ondrej Palat wins face-off versus Elias Lindholm in neutral zone.
6:06 of 3rd period - Wrist shot by Ondrej Palat.
6:06 of 3rd period - Shot Misses the Net.
6:19 of 3rd period - Snap shot by Ondrej Palat.
6:19 of 3rd period - Stopped by Magnus Hellberg with a rebound.
6:23 of 3rd period - Wrist shot by Brandon Dubinsky.
6:23 of 3rd period - Shot Misses the Net.
7:01 of 3rd period - Snap shot by Leo Komarov.
7:01 of 3rd period - Shot Misses the Net.
7:03 of 3rd period - Slapshot by Mattias Ekholm.
7:03 of 3rd period - Shot Blocked by Eric Nystrom.
7:05 of 3rd period - Slapshot by Roman Polak.
7:05 of 3rd period - Deflect By Leo Komarov.
7:05 of 3rd period - Shot Misses the Net.
7:05 of 3rd period - Puck is out of play.
7:06 of 3rd period - Ryan Spooner wins face-off versus Patric Hornqvist in Coyotes zone.
7:21 of 3rd period - Snap shot by Alexander Steen.
7:21 of 3rd period - Stopped by Magnus Hellberg without a rebound.
7:22 of 3rd period - Ryan Nugent-Hopkins wins face-off versus David Jones in Coyotes zone.
7:23 of 3rd period - Snap shot by Patric Hornqvist.
7:23 of 3rd period - Stopped by Magnus Hellberg without a rebound.
7:24 of 3rd period - Ryan Nugent-Hopkins wins face-off versus Ryan Spooner in Coyotes zone.
7:33 of 3rd period - Snap shot by Alexander Steen.
7:33 of 3rd period - Shot Misses the Net.
7:50 of 3rd period - Wrist shot by R.J. Umberger.
7:50 of 3rd period - Stopped by Carey Price with a rebound.
7:58 of 3rd period - Snap shot by Ryan Spooner.
7:58 of 3rd period - Shot Blocked by Tyson Barrie.
8:27 of 3rd period - Wrist shot by Brandon Dubinsky.
8:27 of 3rd period - Shot Misses the Net.
8:31 of 3rd period - Wrist shot by Ryan Strome.
8:31 of 3rd period - Shot Misses the Net.
9:13 of 3rd period - Slapshot by Leo Komarov.
9:13 of 3rd period - Shot Misses the Net.
9:15 of 3rd period - Slapshot by Mattias Ekholm.
9:15 of 3rd period - Shot Misses the Net.
9:17 of 3rd period - Slapshot by Mattias Ekholm.
9:17 of 3rd period - Shot Misses the Net.
9:23 of 3rd period - Wrist shot by Leo Komarov.
9:23 of 3rd period - Stopped by Magnus Hellberg with a rebound.
9:25 of 3rd period - Wrist shot by Leo Komarov.
9:25 of 3rd period - Stopped by Magnus Hellberg with a rebound.
9:27 of 3rd period - Slapshot by Mattias Ekholm.
9:27 of 3rd period - Shot Misses the Net.
9:52 of 3rd period - Slapshot by Roman Polak.
9:52 of 3rd period - Stopped by Magnus Hellberg with a rebound.
9:54 of 3rd period - Wrist shot by Alex Chiasson.
9:54 of 3rd period - Stopped by Magnus Hellberg with a rebound.
9:56 of 3rd period - Wrist shot by Alex Chiasson.
9:56 of 3rd period - Deflect By Jiri Tlusty.
9:56 of 3rd period - Goal by Jiri Tlusty - Coyotes : 3 - Lightning : 6.
9:57 of 3rd period - Brandon Dubinsky wins face-off versus Ryan Spooner in neutral zone.
11:06 of 3rd period - Snap shot by Leo Komarov.
11:06 of 3rd period - Stopped by Magnus Hellberg without a rebound.
11:07 of 3rd period - John Mitchell wins face-off versus Tobias Rieder in Coyotes zone.
11:12 of 3rd period - Slapshot by Ryan Suter.
11:12 of 3rd period - Deflect By Tobias Rieder.
11:12 of 3rd period - Stopped by Magnus Hellberg with a rebound.
11:24 of 3rd period - Snap shot by Alex Chiasson.
11:24 of 3rd period - Stopped by Magnus Hellberg with a rebound.
11:26 of 3rd period - Wrist shot by Jiri Tlusty.
11:26 of 3rd period - Stopped by Magnus Hellberg with a rebound.
11:28 of 3rd period - Slapshot by Ryan Suter.
11:28 of 3rd period - Shot Misses the Net.
11:30 of 3rd period - Snap shot by Tyson Barrie.
11:30 of 3rd period - Shot Misses the Net.
12:07 of 3rd period - Slapshot by Alexander Steen.
12:07 of 3rd period - Stopped by Magnus Hellberg with a rebound.
12:17 of 3rd period - Wrist shot by Patric Hornqvist.
12:17 of 3rd period - Shot Misses the Net.
12:23 of 3rd period - Snap shot by Patric Hornqvist.
12:23 of 3rd period - Deflect By Ryan Nugent-Hopkins.
12:23 of 3rd period - Stopped by Magnus Hellberg without a rebound.
12:24 of 3rd period - Brandon Dubinsky wins face-off versus Stephen Weiss in Coyotes zone.
12:46 of 3rd period - Backhand shot by Brandon Dubinsky.
12:46 of 3rd period - Goal by Brandon Dubinsky - Coyotes : 3 - Lightning : 7.
12:47 of 3rd period - Ryan Spooner wins face-off versus Ryan Strome in neutral zone.
12:50 of 3rd period - Roman Polak is hit by Nick Petrecki and loses puck.
13:07 of 3rd period - Brandon Dubinsky and Nick Petrecki fight to a draw.
13:07 of 3rd period - Penalty to Brandon Dubinsky for Fighting.
13:07 of 3rd period - Penalty to Nick Petrecki for Fighting.
13:07 of 3rd period - Penalty to Nick Petrecki for instigated a fight.
13:07 of 3rd period - Penalty to Nick Petrecki for instigated a fight.
13:08 of 3rd period - Ryan Nugent-Hopkins wins face-off versus Elias Lindholm in Lightning zone.
13:26 of 3rd period - Slapshot by Andrej Sustr.
13:26 of 3rd period - Stopped by Carey Price without a rebound.
13:27 of 3rd period - Elias Lindholm wins face-off versus Ryan Nugent-Hopkins in Lightning zone.
13:44 of 3rd period - Eric Nystrom is hit by Ryan Nugent-Hopkins.
13:54 of 3rd period - Slapshot by Ryan Strome.
13:54 of 3rd period - Stopped by Magnus Hellberg without a rebound.
13:55 of 3rd period - Ryan Nugent-Hopkins wins face-off versus Elias Lindholm in Coyotes zone.
15:07 of 3rd period - Penalty to Nick Petrecki is over, Rob Klinkhammer is send on ice.
15:16 of 3rd period - Snap shot by Tyson Barrie.
15:16 of 3rd period - Shot Misses the Net.
15:20 of 3rd period - Backhand shot by Ryan Suter.
15:20 of 3rd period - Stopped by Magnus Hellberg with a rebound.
15:32 of 3rd period - Ryan Suter is hit by Rob Klinkhammer and loses puck.
16:17 of 3rd period - Slapshot by Stephen Weiss.
16:17 of 3rd period - Deflect By Kyle Clifford.
16:17 of 3rd period - Stopped by Carey Price without a rebound.
16:18 of 3rd period - Ryan Nugent-Hopkins wins face-off versus Ryan Spooner in Lightning zone.
16:20 of 3rd period - Minor Penalty to Alexander Steen for Holding.
16:21 of 3rd period - Ryan Spooner wins face-off versus Leo Komarov in Lightning zone.
17:24 of 3rd period - Michael Stone is hit by Eric Nystrom and loses puck.
17:43 of 3rd period - Roman Polak is hit by Michal Jordan and loses puck.
18:07 of 3rd period - Penalty to Brandon Dubinsky is over, Brandon Dubinsky is back on ice.
18:20 of 3rd period - Penalty to Alexander Steen is over, Alexander Steen is back on ice.
18:44 of 3rd period - Wrist shot by Ondrej Palat.
18:44 of 3rd period - Stopped by Magnus Hellberg with a rebound.
19:14 of 3rd period - Snap shot by Stephen Weiss.
19:14 of 3rd period - Goal by Stephen Weiss - Coyotes : 4 - Lightning : 7.
19:15 of 3rd period - John Mitchell wins face-off versus Stephen Weiss in neutral zone.
19:40 of 3rd period - Wrist shot by Kyle Clifford.
19:40 of 3rd period - Stopped by Carey Price with a rebound.
Goals for this period are 3 for Coyotes vs 3 for Lightning.
Shots for this period are 13 for Coyotes vs 20 for Lightning.